 Dungeon Crawl Stone Soup version 0.26-a0-852-g6321bf7485 (webtiles) character file.

Game seed: 2801006321178493460

1194 mg7810 the Caller (level 8, -4/27 HPs)
             Began as a Felid Summoner on Nov 19, 2020.
             Was a Believer of Hepliaklqana.
             Killed from afar by an electric eel (13 damage)
             ... with a bolt of electricity
             ... on level 8 of the Dungeon on Nov 21, 2020.
             The game lasted 00:59:03 (12084 turns).

mg7810 the Caller (Felid Summoner)                 Turns: 12084, Time: 00:59:04

Health: -4/27      AC:  2    Str:  4    XL:     8   Next: 20%
Magic:  11/18      EV: 18    Int: 20    God:    Hepliaklqana [**....]
Gold:   378        SH:  0    Dex: 16    Spells: 3/20 levels left
                                        Lives:  0   Deaths: 2

rFire    + . .     SeeInvis +   (weapon unavailable)
rCold    . . .     Faith    .   (shield unavailable)
rNeg     . . .     Spirit   .   (armour unavailable)
rPois    .         Reflect  .   (helmet unavailable)
rElec    .         Harm     .   (cloak unavailable)
rCorr    .         Rampage  .   (gloves unavailable)
MR       +....                  (boots unavailable)
Stlth    +++.......             (no amulet)
HPRegen  0.09/turn              n - ring of wizardry
MPRegen  0.16/turn              o - ring of protection from fire

@: quick
A: very small, no armour, no weapons or thrown items, stealth, reduced essence,
claws 1, fangs 3, see invisible, speed 1, shaggy fur 2, sharp paws
a: Recall Ancestor, Ancestor Identity, Renounce Religion


You were on level 8 of the Dungeon.
You worshipped Hepliaklqana.
Hepliaklqana was pleased with you.
You visited 2 branches of the dungeon, and saw 9 of its levels.

You collected 378 gold pieces.

Inventory:

Jewellery
 n - a ring of wizardry (left paw)
 o - a ring of protection from fire (right paw)
 s - an uncursed ring of fire
Scrolls
 a - 7 scrolls of remove curse {unknown}
 d - a scroll of fog {unknown}
 e - a scroll of magic mapping {unknown}
 f - 2 scrolls of teleportation
 k - a scroll of random uselessness {unknown}
 m - a scroll of amnesia {unknown}
 q - 3 scrolls of identify
Potions
 b - a potion of mutation {unknown}
 c - 3 potions of heal wounds
 g - 3 potions of curing
 h - 3 potions of flight {unknown}
 i - a potion of lignification {unknown}
 j - 2 potions of haste
 l - a potion of degeneration {unknown}
 p - a potion of cancellation {unknown}
 r - 4 potions of ambrosia {unknown}


   Skills:
 + Level 3.1 Dodging
 + Level 4.0 Stealth
 + Level 6.6 Spellcasting
 + Level 6.2 Hexes
 + Level 7.5 Summonings
 * Level 2.8 Ice Magic
 * Level 3.2 Air Magic
 * Level 4.3 Invocations


You had 3 spell levels left.
You knew the following spells:

 Your Spells              Type           Power        Failure   Level
a - Summon Small Mammal   Summ           ####         1%          1
b - Call Imp              Summ           #####...     1%          2
c - Call Canine Familiar  Summ           #####...     1%          3
d - Summon Guardian Gole  Hex/Summ       ####....     1%          3
e - Summon Ice Beast      Ice/Summ       ####....     4%          4
f - Summon Lightning Spi  Summ/Air       ####....     4%          4

Your spell library contained the following spells:

 Spells                   Type           Power        Failure   Level


Dungeon Overview and Level Annotations

Branches:
Dungeon (8/15)             Temple (1/1) D:4
   Lair: D:8-11

Altars:
Ashenzari
Cheibriados
Dithmenos
Elyvilon
Fedhas
Hepliaklqana
Kikubaaqudgha
Makhleb
Nemelex Xobeh
Okawaru
Qazlal
Ru
Sif Muna
Trog
Uskayaw
Vehumet
Wu Jian
Xom
Yredelemnul
Zin
The Shining One

Shops:
D:5 :


Innate Abilities, Weirdness & Mutations

You cannot wear armour.
You are incapable of wielding weapons or throwing items.
Your paws allow you to move quietly. (Stealth)
You have sharp claws.
You have razor-sharp teeth.
You have supernaturally acute eyesight. (SInv)
You cover ground quickly.
You are covered in thick fur. (AC +2)
Your sharp claws are effective at attacking unaware monsters.
Your life essence is reduced to manifest your ancestor. (-10% HP)


Message History

Gang up on whom?
Press: ? - help, Dir - move target cursor, f - electric eel
Aim: an electric eel Attack!
The electric eel shoots out a bolt of lightning at you!
The bolt of electricity hits you! What are your orders? t - Meow!
Orders for allies: a - Attack new target. p - Attack previous target. r - Retreat! s - Stop attacking. g - Guard the area. f - Follow me.
Anything else - Cancel.
Gang up on whom?
Press: ? - help, Dir - move target cursor, f/p - electric eel
Aim: an electric eel Attack!
The electric eel shoots out a bolt of lightning at you!
The bolt of electricity hits your ice beast!
The bolt of electricity hits you!
You die...

# #.#####≈≈≈≈# #.≈♣≈ ##
##♣)♣# #≈≈.## ≈≈♣≈≈
.####.≈≈≈# ###.# ##≈≈≈≈≈
..)...≈≈≈#####.####..≈;≈≈≈
.#####≈≈≈...........≈Y♣≈≈.
.......≈..####.####≈≈P≈≈≈#
#########.# #.# #..Y≈≈≈.#
#########.# #.###..≈≈.P.#
..........# #..@..≈P≈P..#
########### #######..[.##
#####


You could see an electric eel and 2 friendly ice beasts.

Vanquished Creatures
  A goblin (D:1)
1 creature vanquished.

Vanquished Creatures (collateral kills)
  An unseen horror (D:8)
  2 orc warriors (D:7)
  An ice beast (D:8)
  3 ogres
  3 phantoms
  A centaur (D:5)
  A big kobold (D:8)
  7 bullfrogs
  2 scorpions
  4 killer bees (D:7)
  4 wights
  A nameless horror (D:7)
  A howler monkey (D:4)
  A quasit (D:7)
  A bullfrog skeleton (D:7)
  2 hounds
  A centaur zombie (D:8)
  A jelly (D:7)
  6 orc wizards
  2 orc priests
  3 iguanas
  A centaur skeleton (D:7)
  Terence (D:3)
  7 worker ants
  A hound zombie (D:8)
  2 hound skeletons
  Robin (D:4)
  A howler monkey skeleton (D:6)
  8 adders
  2 shadow imps (D:6)
  2 white imps
  2 ufetubi
  An ooze (D:1)
  An adder zombie (D:8)
  2 worms (D:2)
  A dart slug (D:2)
  9 leopard geckos
  24 orcs
  3 ball pythons
  14 bats
  6 giant cockroaches
  17 goblins
  10 hobgoblins
  14 jackals
  5 quokkas
  6 frilled lizards
  13 kobolds
  A quokka skeleton (D:7)
  11 rats
214 creatures vanquished.

Vanquished Creatures (others)
  Edmund (D:4)
  2 ice beasts
  An orc warrior (D:6)
  A scorpion (D:8)
  A killer bee (D:7)
  2 wights (D:6)
  2 orc wizards (D:6)
  A worker ant (D:6)
  2 adders (D:6)
  5 ancestors
  4 orcs (D:6)
  3 jackals (D:8)
  A quokka (D:5)
  64 plants
90 creatures vanquished.

Grand Total: 305 creatures vanquished

Notes
Turn   | Place    | Note
-------+----------+-------------------------------------------
     0 | D:1      | mg7810 the Felid Summoner began the quest for the Orb.
     0 | D:1      | Reached XP level 1. HP: 7/7 MP: 4/4
   454 | D:1      | Reached XP level 2. HP: 11/11 MP: 1/6
   457 | D:1      | Learned a level 2 spell: Call Imp
  2584 | D:2      | Reached XP level 3. HP: 14/14 MP: 2/8
  2588 | D:2      | Learned a level 3 spell: Call Canine Familiar
  2918 | D:2      | Noticed a phantom
  2977 | D:2      | Killed a phantom
  2978 | D:2      | Reached XP level 4. HP: 18/18 MP: 0/9
  3035 | D:2      | Reached skill level 5 in Summonings
  3592 | D:2      | Learned a level 3 spell: Summon Guardian Golem
  4555 | D:3      | Noticed Terence
  4569 | D:3      | Killed Terence
  4570 | D:3      | Reached XP level 5. HP: 21/21 MP: 1/11
  5388 | D:4      | Reached skill level 1 in Hexes
  5644 | D:4      | Found a staircase to the Ecumenical Temple.
  5688 | Temple   | Entered the Ecumenical Temple
  5779 | Temple   | Became a worshipper of Hepliaklqana the Forgotten
  5836 | D:4      | Noticed Robin
  5860 | D:4      | Killed Robin
  6091 | D:4      | Gained mutation: You are covered in thick fur. (AC +2)
                  | [Felid growth]
  6091 | D:4      | Reached XP level 6. HP: 21/21 MP: 8/13
  6096 | D:4      | Learned a level 4 spell: Summon Ice Beast
  6193 | D:4      | Found an iron altar of Okawaru.
  6208 | D:4      | Noticed Edmund
  6240 | D:4      | Killed Edmund
  6293 | D:4      | You fall into a shaft and drop 1 floor!
  6293 | D:5      | Entered Level 5 of the Dungeon
  6443 | D:5      | Found Dexafot's Book Shop.
  6460 | D:5      | Found a bloodstained altar of Trog.
  7144 | D:5      | Noticed an ice beast
  7160 | D:5      | Killed an ice beast
  7161 | D:5      | Reached skill level 1 in Invocations
  7163 | D:5      | Found a shimmering blue altar of Sif Muna.
  7650 | D:5      | Found a white marble altar of Elyvilon.
  7792 | D:6      | Reached skill level 1 in Ice Magic
  7931 | D:6      | Reached skill level 5 in Spellcasting
  7931 | D:6      | Reached XP level 7. HP: 24/24 MP: 8/15
  8040 | D:6      | Slain by an orc warrior
  8041 | D:6      | Reached XP level 6. HP: -3/21 MP: 11/14
  8108 | D:6      | Found a stormy altar of Qazlal.
  8112 | D:6      | Noticed a water elemental
  8112 | D:6      | Noticed a fire elemental
  8112 | D:6      | Noticed an air elemental
  8248 | D:6      | Noticed an ice beast
  8261 | D:6      | Upgraded the game from 0.26-a0-846-gcc8f1ee719 to
                  | 0.26-a0-850-g97a50ab700
  8308 | D:6      | Killed an ice beast
  8372 | D:6      | Reached * piety under Hepliaklqana
  8630 | D:6      | Killed an orc warrior
  9239 | D:6      | Reached skill level 6 in Summonings
  9239 | D:6      | Reached XP level 7. HP: 24/24 MP: 12/16
  9647 | D:7      | Reached skill level 5 in Hexes
 10023 | D:7      | Reached XP level 8. HP: 27/27 MP: 8/18
 10028 | D:7      | Learned a level 4 spell: Summon Lightning Spire
 10114 | D:7      | Found a radiant altar of Vehumet.
 10333 | D:7      | Found a sacrificial altar of Ru.
 10399 | D:7      | Reached ** piety under Hepliaklqana
 10400 | D:7      | Remembered your ancestor Manelesi as a knight
 10750 | D:7      | Reached skill level 1 in Air Magic
 10776 | D:7      | Found a shimmering altar of Xom.
 11252 | D:8      | Noticed an unseen horror
 11315 | D:8      | Killed an unseen horror
 11316 | D:8      | Reached skill level 7 in Summonings
 11316 | D:8      | Reached XP level 9. HP: 30/30 MP: 5/19
 11889 | D:8      | Killed from afar by an electric eel
 11890 | D:8      | Reached XP level 8. HP: 0/27 MP: 15/18
 11927 | D:8      | Upgraded the game from 0.26-a0-850-g97a50ab700 to
                  | 0.26-a0-852-g6321bf7485
 12084 | D:8      | Killed from afar by an electric eel

Illustrated notes

Levels and vault maps discovered:
D:1:      minmay_arrival_cross, layout_basic
D:2:      wad_crossroads, layout_basic
D:3:      layout_rooms, uniq_terence
D:4:      layout_loops_corners, general_overflow_altar,
          minmay_temple_entry_waves, serial_forest,
          infiniplex_forest_clump_double, infiniplex_forest_straight_3,
          infiniplex_forest_end_1, infiniplex_forest_clump_long,
          infiniplex_forest_clump_C, infiniplex_forest_clump_diagonal,
          infiniplex_forest_lined_2, grunt_ministairs_9,
          kennysheep_another_room, st_stairs_4, minmay_box_of_dots, uniq_edmund,
          uniq_robin
D:5:      layout_rooms, elyvilon_altar_4, basic_altar, serial_shops,
          nicolae_shop_behind_doors, trog_book
D:6:      layout_loops_corners, nicolae_qazlal_style_of_elements
D:7:      layout_cave_pools, tgw_xom, lemuel_crystal_altar,
          kennysheep_little_box, columned_hall_lemuel, abandoned_shop,
          supply_closet_lemuel
D:8:      layout_loops_ring, serial_bayou, serial_bayou_pond_a,
          serial_bayou_lagoon_a, serial_bayou_pond_e, serial_bayou_pond_d,
          minmay_small_thing
Temple:   eino_wide_crystal_templ

Skill      XL: |  1  2  3  4  5  6  7  8  9 |
---------------+----------------------------+-----
Stealth        | 3 4 |  4.0
Spellcasting   | 3 4 5 6 |  6.6
Summonings     | 5 6 7 |  7.5
Hexes          | 1 3 5 6 |  6.2
Invocations    | 2 3 4 |  4.3
Ice Magic      | 1 2 |  2.8
Air Magic      | 2 3 |  3.2
Dodging        | 3 |  3.1

Action                   |  1- 3 |  4- 6 |  7- 9 || total
-------------------------+-------+-------+-------++-------
Melee: Unarmed           |     9 |     2 |       ||    11
 Cast: Summon Small Mamm |    24 |       |       ||    24
       Call Imp          |    56 |    41 |     9 ||   106
       Call Canine Famil |     3 |    49 |    26 ||    78
       Summon Guardian G |       |    21 |    24 ||    45
       Summon Ice Beast  |       |     1 |    10 ||    11
       Summon Lightning  |       |       |     8 ||     8
Invok: Recall Ancestor   |       |     1 |     4 ||     5
       Ancestor Life: Kn |       |       |     1 ||     1
  Use: Scroll            |     2 |       |     6 ||     8
       Potion            |       |       |     2 ||     2
Armor: Skin              |     6 |     3 |     1 ||    10
Dodge: Dodged            |    28 |    27 |    47 ||   102

Table legend: (Time is in decaauts)
 A = Elapsed time spent in this place.
 B = Non-inter-level travel time spent in this place.
 C = Inter-level travel time spent in this place.
 D = Time resting spent in this place.
 E = Time spent auto-exploring this place.
 F = Levels seen in this place.
 G = Mean time per level.
                   A        B        C        D        E       F      G
               +--------+--------+--------+--------+--------+-----+--------+
         Total |  10868 |  10739 |    129 |      0 |   7955 |   9 | 1207.6 |
       Dungeon |  10773 |  10644 |    129 |      0 |   7892 |   8 | 1346.6 |
        Temple |     95 |     95 |      0 |      0 |     62 |   1 |   95.0 |
               +--------+--------+--------+--------+--------+-----+--------+

Top non-repeatable levels by time:
     D:1: 2171 daAuts
     D:2: 1520 daAuts
     D:6: 1508 daAuts
     D:4: 1501 daAuts
     D:7: 1328 daAuts
     D:8: 1043 daAuts
     D:3: 859 daAuts
     D:5: 840 daAuts
  Temple: 95 daAuts
